 Dungeon Sprint DCSS version 0.27.1-33-g824d729ab1 (webtiles) character file.

Game seed: 15283087176289467147

2331 Hipnos the Earth Mage (level 9, -4/45 HPs)
             Began as a Gargoyle Earth Elementalist on Nov 26, 2021.
             Was a Believer of Vehumet.
             Shot with an arrow by a centaur warrior (17 damage)
             ... in the Dungeon (Sprint I: "Red Sonja").
             The game lasted 00:09:06 (1383 turns).

Hipnos the Earth Mage (Gargoyle Earth Elementalist) Turns: 1383, Time: 00:09:07

Health: -4/45      AC: 10    Str: 12    XL:     9   Next: 42%
Magic:  7/23       EV: 11    Int: 19    God:    Vehumet [**....]
Gold:   754        SH:  0    Dex: 10    Spells: 16/28 levels left

rFire    . . .     SeeInvis .   k - +2 dagger (drain)
rCold    + . .     Faith    .   (no shield)
rNeg     + . .     Spirit   .   b - +0 robe
rPois    ∞         Reflect  .   (no helmet)
rElec    +         Harm     .   (no cloak)
rCorr    .         Rampage  .   l - +0 pair of gloves
Will     .....     NoTele   +   m - +0 pair of boots
Stlth    ++........             (no amulet)
HPRegen  0.15/turn              g - ring of protection from cold
MPRegen  0.18/turn              (no ring)

@: no status effects
A: sickness immunity, AC +6, negative energy resistance 1, electricity
resistance, torment resistance 1, petrification resistance
a: Renounce Religion


You were in the Dungeon.
You worshipped Vehumet.
Vehumet was pleased with you.
You visited 1 branch You collected 880 gold pieces.
You spent 126 gold pieces at shops.

Inventory:

Hand Weapons
 a - a +0 scythe
 k - a +2 dagger of draining (weapon)
Missiles
 i - 25 stones
Armour
 b - a +0 robe (worn)
 l - a +0 pair of gloves (worn)
 m - a +0 pair of boots (worn)
Jewellery
 g - a ring of protection from cold (left hand)
Wands
 j - a wand of polymorph (5)
Scrolls
 h - a scroll of blinking
Potions
 c - 3 potions of curing
 e - a potion of haste


   Skills:
 + Level 0.2 Fighting
 - Level 1.5 Dodging
 - Level 2.1 Stealth
 - Level 1.1 Unarmed Combat
 + Level 10.1 Spellcasting
 + Level 4.7 Conjurations
 + Level 2.7 Transmutations
 * Level 19.0 Earth Magic


You had 16 spell levels left.
You knew the following spells:

 Your Spells              Type           Power      Damage    Failure   Level
a - Sandblast             Erth           100%       2d20      0%          1
b - Passwall              Tmut/Erth      41%        N/A       1%          2
c - Stone Arrow           Conj/Erth      100%       3d13      1%          3
d - Petrify               Tmut/Erth      50%        N/A       1%          4
e - Poisonous Vapours     Pois/Air       18%        N/A       11%         2

Your spell library contained the following spells:

 Spells                   Type           Power      Damage    Failure   Level


Dungeon Overview and Level Annotations

Branches:
Dungeon (1/1)

Altars:
Cheibriados
Dithmenos
Elyvilon
Fedhas
Gozag
Hepliaklqana
Kikubaaqudgha
Makhleb
Nemelex Xobeh
Okawaru
Qazlal
Ru
Sif Muna
Trog
Uskayaw
Vehumet
Wu Jian
Xom
Yredelemnul
Zin
The Shining One
Jiyva
Lugonu

Shops:
D [([


Innate Abilities, Weirdness & Mutations

You are immune to sickness and miasma.
Your stone body is resilient. (AC +6)
You are immune to poison.
You resist negative energy. (rN+)
You are resistant to electric shocks. (rElec)
You are resistant to unholy torment.
You are immune to petrification.


Message History

The centaur warrior kicks you but does no damage.
The centaur warrior hits you but does no damage.
The centaur warrior barely misses you. x2
The centaur warrior kicks you but does no damage.
Casting: Sandblast (safe; 0% risk of failure)
Confirm with . or Enter, or press ? or * to list all spells.
Aiming: Poisonous Vapours (safe; 11% risk of failure)
Press: ? - help, Dir - move target, f/p - centaur warrior
Aim: a centaur warrior, quivering arrows (heavily wounded) Poisonous vapours surround the centaur warrior!
The centaur warrior is poisoned.
The centaur warrior hits you but does no damage.
The centaur warrior closely misses you.
The centaur warrior hits you but does no damage.
The centaur warrior kicks you but does no damage.
The centaur warrior hits you.
The centaur warrior kicks you but does no damage.
The centaur warrior hits you but does no damage.
The centaur warrior kicks you but does no damage.
Your magical contamination has completely faded away.
The centaur warrior looks more healthy.
The centaur warrior hits you but does no damage.
The centaur warrior barely misses you.
There is an open door here.
The centaur warrior looks more healthy.
The centaur warrior wields a +0 shortbow.
The centaur warrior shoots an arrow.
The arrow hits you!
Casting: Poisonous Vapours (safe; 11% risk of failure)
Confirm with . or Enter, or press ? or * to list all spells.
Okay, then.
Casting: Poisonous Vapours (safe; 11% risk of failure)
Confirm with . or Enter, or press ? or * to list all spells.
Aiming: Petrify (dangerous; 1% risk of failure)
Press: ? - help, Shift-Dir - straight line, f/p - centaur warrior
Aim: a centaur warrior, wielding a +0 shortbow and quivering arrows (heavily wounded, chance to affect: 55%)
The centaur warrior resists with significant effort.
The centaur warrior shoots an arrow.
The arrow hits you.
* * * LOW HITPOINT WARNING * * *
The centaur warrior shoots an arrow.
The arrow hits you!
You die...

#..#####'#####'#__####
.5+ #..####..#...#.####
!# ##
#..#__####..##.#§§§§c
#..#_____##'#_.+§§§.
#⌠⌠#_.∩..)'.)._#≈≈§
####_..__##_.#'##'###
#_____###(#.#§§§§###
############.####'###.##
#∩........'.[@'cc...')∩#
###++++####...##########
###.### #.#'#.# #.....#
#.(...# #######


You could see 2 centaur warriors.

Vanquished Creatures
  Sonja (D)
  A deep troll (D)
  2 kobold demonologists (D)
  A slime creature (D)
  Sigmund (D)
  A yak (D)
  A floating eye (D)
  An ogre (D)
  A jelly (D)
  Ijyb (D)
  2 ballistomycete spores (D)
13 creatures vanquished.

Notes
Turn   | Place    | Note
-------+----------+-------------------------------------------
     0 | D        | Hipnos the Gargoyle Earth Elementalist began the quest for
                  | the Orb.
     0 | D        | Reached XP level 1. HP: 10/10 MP: 3/3
     1 | D        | Noticed Ijyb
     8 | D        | Killed Ijyb
     9 | D        | Reached skill level 7 in Earth Magic
     9 | D        | Reached XP level 2. HP: 15/15 MP: 0/5
     9 | D        | Reached XP level 3. HP: 19/19 MP: 0/7
    36 | D        | Learned a level 2 spell: Passwall
    40 | D        | Learned a level 3 spell: Stone Arrow
    67 | D        | Noticed an ogre
    70 | D        | Killed an ogre
    71 | D        | Reached skill level 1 in Unarmed Combat
    71 | D        | Reached skill level 1 in Transmutations
    71 | D        | Reached skill level 10 in Earth Magic
    71 | D        | Reached XP level 4. HP: 9/24 MP: 2/9
   256 | D        | Learned a level 4 spell: Petrify
   257 | D        | Noticed Sigmund
   260 | D        | Killed Sigmund
   261 | D        | Reached skill level 5 in Spellcasting
   261 | D        | Reached skill level 13 in Earth Magic
   261 | D        | Reached XP level 5. HP: 13/28 MP: 0/12
   261 | D        | Reached XP level 6. HP: 15/32 MP: 0/13
   438 | D        | Found an ornate altar of the Wu Jian Council.
   438 | D        | Found a shimmering blue altar of Sif Muna.
   440 | D        | Found a radiant altar of Vehumet.
   444 | D        | Reached skill level 1 in Conjurations
   463 | D        | Became a worshipper of Vehumet
   483 | D        | Found Gytealau's Weapon Emporium.
   483 | D        | Found an ancient bone altar of Kikubaaqudgha.
   483 | D        | Found a hazy altar of Hepliaklqana.
   483 | D        | Found a stormy altar of Qazlal.
   483 | D        | Found a hide-covered altar of Uskayaw.
   483 | D        | Found a blossoming altar of Fedhas.
   483 | D        | Found a bloodstained altar of Trog.
   483 | D        | Found an iron altar of Okawaru.
   483 | D        | Found a basalt altar of Yredelemnul.
   483 | D        | Found a glowing golden altar of the Shining One.
   483 | D        | Found a snail-covered altar of Cheibriados.
   483 | D        | Found a sacrificial altar of Ru.
   483 | D        | Found a glowing silver altar of Zin.
   483 | D        | Found a shadowy altar of Dithmenos.
   483 | D        | Found a white marble altar of Elyvilon.
   483 | D        | Noticed a yak
   497 | D        | Killed a yak
   498 | D        | Reached skill level 14 in Earth Magic
   498 | D        | Reached XP level 7. HP: 24/36 MP: 1/16
   502 | D        | Found an opulent altar of Gozag.
   503 | D        | Found a sparkling altar of Nemelex Xobeh.
   608 | D        | Found a burning altar of Makhleb.
   608 | D        | Found a viscous altar of Jiyva.
   608 | D        | Found a shimmering altar of Xom.
   608 | D        | Found a corrupted altar of Lugonu.
   608 | D        | Noticed a slime creature
   615 | D        | Killed a slime creature
   616 | D        | Reached skill level 15 in Earth Magic
   751 | D        | Noticed Sonja
   755 | D        | Killed Sonja
   755 | D        | Reached * piety under Vehumet
   755 | D        | Offered knowledge of Magic Dart by Vehumet.
   756 | D        | Reached skill level 17 in Earth Magic
   756 | D        | Reached XP level 8. HP: 39/41 MP: 12/20
   854 | D        | Found Dufolol's Armour Boutique.
   862 | D        | Bought a +0 pair of gloves for 63 gold pieces
   862 | D        | Bought a +0 pair of boots for 63 gold pieces
   884 | D        | Noticed a deep troll
   903 | D        | Killed a deep troll
   904 | D        | Reached skill level 18 in Earth Magic
   904 | D        | Reached XP level 9. HP: 18/45 MP: 13/22
  1085 | D        | Found Wenlyisaxt's Armour Emporium.
  1128 | D        | Noticed a kobold demonologist
  1128 | D        | Noticed a kobold demonologist
  1131 | D        | Noticed a hellwing
  1131 | D        | Noticed a soul eater
  1154 | D        | Noticed an ice devil
  1154 | D        | Killed a kobold demonologist
  1154 | D        | Reached ** piety under Vehumet
  1154 | D        | Offered knowledge of Poisonous Vapours by Vehumet.
  1165 | D        | Learned a level 2 spell: Poisonous Vapours
  1171 | D        | Killed a kobold demonologist
  1172 | D        | Reached skill level 10 in Spellcasting
  1172 | D        | Reached skill level 19 in Earth Magic
  1369 | D        | Noticed a centaur warrior
  1373 | D        | Noticed a centaur warrior
  1383 | D        | Shot with an arrow by a centaur warrior

Illustrated notes

Levels and vault maps discovered:
D:        dungeon_sprint_1 [red_sonja_temple_1, red_sonja_temple_small_1]

Skill      XL: |  1  2  3  4  5  6  7  8  9 |
---------------+----------------------------+-----
Earth Magic    | 7 10 13 14 17 18 19 | 19.0
Unarmed Combat | 1 |  1.1
Spellcasting   | 3 5 6 8 9 10 | 10.1
Transmutations | 1 2 |  2.7
Conjurations   | 1 3 4 |  4.7
Fighting       | |  0.2
Dodging        | |  1.5
Stealth        | |  2.1

Action                   |  1- 3 |  4- 6 |  7- 9 || total
-------------------------+-------+-------+-------++-------
Melee: Unarmed           |     3 |       |       ||     3
 Cast: Sandblast         |     4 |     1 |    18 ||    23
       Stone Arrow       |     1 |    12 |    14 ||    27
       Petrify           |       |     1 |     5 ||     6
       Poisonous Vapours |       |       |     3 ||     3
  Use: Potion            |     1 |     1 |     2 ||     4
Armor: Robe              |     1 |       |    22 ||    23
Dodge: Dodged            |     3 |     1 |    23 ||    27
